 Dungeon Crawl Stone Soup version 0.30-b1-2-g02819fbbbe (webtiles) character file.

Game seed: 4734282092336141968

39 Flibulle the Sneak (level 3, 0/17 HPs)
             Began as a Vine Stalker Enchanter on July 15, 2023.
             Killed from afar by Natasha (4 damage)
             ... with a magic dart
             ... on level 2 of the Dungeon.
             The game lasted 00:08:51 (1199 turns).

Flibulle the Sneak (Vine Stalker Enchanter)         Turns: 1199, Time: 00:08:52

Health: 0/17       AC:  3    Str: 10    XL:     3   Next: 47%
Magic:  0/16       EV: 12    Int: 15    God:
Gold:   69         SH:  0    Dex: 16    Spells: 1/6 levels left

rFire   . . .        a - +1 dagger
rCold   . . .        (no shield)
rNeg    . . .        b - +0 robe
rPois   +            (no helmet)
rElec   .            (no cloak)
rCorr   .            (no gloves)
SInv    .            f - +0 pair of boots
Will    .....        (no amulet)
Stlth   +++          d - ring of poison resistance
HPRegen 0.22/turn    o - ring of magical power
MPRegen 0.15/turn

%: guardian spirit
@: no status effects
A: fangs 2, magic shield, antimagic bite, no potion heal 2
a: no special abilities


You were on level 2 of the Dungeon.
You visited 1 branch of the dungeon, and saw 3 of its levels.

You collected 69 gold pieces.

Inventory:

Hand Weapons
 a - a +1 dagger (weapon)
 k - a +0 dagger
Missiles
 g - 5 poisoned darts
Armour
 b - a +0 robe (worn)
 e - a +0 ring mail
 f - a +0 pair of boots (worn)
 j - a +0 leather armour
 m - a +0 robe
Jewellery
 d - a ring of poison resistance (left hand)
 o - a ring of magical power (right hand)
Scrolls
 h - 2 scrolls of poison {unknown}
 l - a scroll of identify {unknown}
 n - a scroll of enchant weapon {unknown}
Potions
 c - 2 potions of invisibility
 i - a potion of heal wounds {unknown}


   Skills:
 + Level 0.7 Fighting
 * Level 1.8 Short Blades
 - Level 1.5 Dodging
 * Level 4.2 Stealth
 + Level 2.3 Spellcasting
 + Level 0.0 Conjurations
 + Level 3.2 Hexes


You had one spell level left.
You knew the following spells:

 Your Spells              Type           Power      Damage    Failure   Level
a - Ensorcelled Hibernat  Hex/Ice        12%        N/A       17%         2
b - Dazzling Flash        Conj/Hex       12%        N/A       32%         3

Your spell library contained the following spells:

 Spells                   Type           Power      Damage    Failure   Level
 Confusing Touch          Hex            11%        N/A       17%         3
 Tukima's Dance           Hex            11%        N/A       17%         3
 Sublimation of Blood     Necr           1%         N/A       32%         2
 Frozen Ramparts          Ice            2%         1d1       54%         3
 Ice Form                 Ice/Tmut       1%         N/A       91%         4
 Petrify                  Tmut/Erth      1%         N/A       91%         4
 Summon Ice Beast         Ice/Summ       1%         N/A       91%         4
 Irradiate                Conj/Tmut      0%         3d11      99%         5


Dungeon Overview and Level Annotations

Branches:
Dungeon (3/15)

Altars:

Annotations:
D:2 Natasha


Innate Abilities, Weirdness & Mutations

You have extremely sharp teeth.
When hurt, damage is shared between your health and your magic reserves.
Your bite disrupts and absorbs the magic of your enemies.
Potions cannot restore your health.


Message History

Aim: Natasha (chance to affect: 39%) Natasha resists with some effort.
Natasha extends her claws.
Natasha stares at you and mumbles some strange words.
The magic dart hits you!
You hit Natasha.
Natasha is lightly wounded.
Natasha closely misses you.
You hit Natasha but do no damage.
Natasha is lightly wounded.
You closely miss Natasha. You bite Natasha.
Natasha's magic leaks into the air.
You drain her magic.
You feel invigorated.
Natasha is heavily wounded.
Natasha claws you.
You hit Natasha but do no damage.
Natasha is heavily wounded.
Natasha casts a spell at you. The magic dart hits you!
Your magical contamination has completely faded away.
You closely miss Natasha. Your bite misses Natasha.
Natasha is moderately wounded.
Natasha's magic is no longer disrupted.
Natasha casts a spell at you. The magic dart hits you!
* * * LOW HITPOINT WARNING * * *
You are too injured to fight recklessly!
You hit Natasha. You bite Natasha, but do no damage.
Natasha is heavily wounded.
Natasha mumbles some strange words.
Natasha's front paws start to glow.
Natasha claws you.
* * * LOW HITPOINT WARNING * * *
You hit Natasha.
Natasha is severely wounded.
Natasha closely misses you.
You miss Natasha.
Natasha is severely wounded.
Natasha stares at you and mumbles some strange words.
The magic dart hits you.
You die...

###.# #....# ##...## ##
# #.# #.##.# ##.## # #
#.# #. #.# #.# # . ..#
#. ... #.# ## . ###
#.<.... #.# ##. #.##.###
#.## ##.. #. ..# # #..##
##... #.
..)##.#######...####....
......h@...........+....
...##.#######...####....
.. #####.######... #.#
#.........###.. #
#...†.....# ##.
#..##.###.# ##
#..##.###.# #
#..##..##.#####
#..###.##......


You could see Natasha.

Vanquished Creatures
  An adder (D:2)
  3 ball pythons (D:1)
  3 endoplasms
  A giant cockroach (D:1)
  2 goblins
  2 hobgoblins
  3 jackals (D:1)
  5 kobolds
  A quokka (D:1)
  A frilled lizard (D:1)
  6 rats
28 creatures vanquished.

Notes
Turn   | Place    | Note
-------+----------+-------------------------------------------
     0 | D:1      | Flibulle the Vine Stalker Enchanter began the quest for the
                  | Orb.
     0 | D:1      | Reached XP level 1. HP: 9/9 MP: 4/4
    34 | D:1      | Reached skill level 1 in Short Blades
   168 | D:1      | Reached XP level 2. HP: 10/13 MP: 4/6
   171 | D:1      | Learned a level 2 spell: Ensorcelled Hibernation
   339 | D:1      | Reached skill level 4 in Stealth
   649 | D:2      | Noticed Natasha
   691 | D:2      | Reached XP level 3. HP: 13/17 MP: 7/7
   708 | D:2      | You fall into a shaft and drop 1 floor!
   960 | D:2      | Learned a level 3 spell: Dazzling Flash
  1199 | D:2      | Killed from afar by Natasha

Illustrated notes

Levels and vault maps discovered:
D:1:      saegor_arrival_simple_b, layout_rooms
D:2:      layout_loops_corners, minmay_hedge_maze, kennysheep_generic_room_4,
          uniq_natasha
D:3:      layout_loops_ring, nzn_hepliaklqana_mist_gate, elyvilon_altar_1,
          doesnt_xom_only_xom, amcnicky_mini_pool_small

Skill      XL: |  1  2 |
---------------+-------+-----
Short Blades   | 1 |  1.8
Stealth        | 4 |  4.2
Fighting       | |  0.7
Dodging        | |  1.5
Spellcasting   | |  2.3
Hexes          | |  3.2

Action                     || total
---------------------------++-------
  Melee: Dagger            ||    84
         Bite              ||    23
         Punch             ||     1
   Cast: Ensorcelled Hiber ||     8
   Stab: Sleeping          ||     7
 Armour: Robe              ||    14
  Dodge: Dodged            ||    36
